[Event "Titled Tuesday Blitz January 31 Late 2023"]
[White "Mosquera, Miguel"]
[Black "rikchessmx"]
[WhiteFideId "4401131"]
[WhiteElo "2371"]
[BlackElo "2287"]
[Result "1-0"]
[Round "11"]
[TimeControl "180+2"]
[Date "2023.02.01"]
[WhiteClock "0:00:06"]
[BlackClock "0:00:01"]

1. d4 Nf6 2. c4 e6 3. g3 d5 4. Bg2 c6 5. Nf3 Nbd7 6. O-O Bd6 7. Bg5 h6 8. Bxf6 Nxf6 9. Nbd2 dxc4 10. e4 Bb4 11. e5 Nd5 12. Nxc4 O-O 13. a3 Be7 14. Rc1 Bd7 15. Re1 Rc8 16. Nfd2 c5 17. Ne4 cxd4 18. Qxd4 Qc7 19. Ncd6 Qxc1 20. Rxc1 Rxc1+ 21. Bf1 f5 22. exf6 Bxf6 23. Nxf6+ Rxf6 24. a4 Rc2 25. Ne4 Rf7 26. Bb5 Bxb5 27. axb5 Rfc7 28. Qe5 Kf7 29. Qh5+ Ke7 30. Qg6 Re2 31. Qxg7+ Kd8 32. Qf8+ Kd7 33. Qf7+ Kd8 34. Qg8+ Ke7 35. Qg7+ Ke8 36. Qg6+ Ke7 37. h4 Rc1+ 38. Kg2 Rxb2 39. Qg7+ Ke8 40. Qxb2 Rc7 41. Nf6+ Nxf6 42. Qxf6 Re7 43. Qxh6 Kd7 44. Qd2+ Kc7 45. h5 Kb6 46. Qd3 1-0


[Site "https://www.chess.com"]

[Event "Titled Tuesday Blitz January 31 Late 2023"]
[White "kiwibobo"]
[Black "Zhou, Qiyu"]
[BlackFideId "505161"]
[WhiteElo "2087"]
[BlackElo "2201"]
[Result "1-0"]
[Round "11"]
[TimeControl "180+2"]
[Date "2023.02.01"]
[WhiteClock "0:01:24"]
[BlackClock "0:01:38"]

1. e4 e5 2. Nf3 Nc6 3. Bb5 a6 4. Ba4 Nf6 5. O-O b5 6. Bb3 Be7 7. d3 O-O 8. a4 Rb8 9. Nc3 b4 10. Nd5 d6 11. a5 Bg4 12. h3 Bh5 13. g4 Bg6 14. Ne3 Nd7 15. Bd5 Na7 16. Nf5 c6 17. Bb3 Nc5 18. Ba2 Re8 19. Be3 Rb5 20. Bc4 Rxa5 21. Rxa5 Qxa5 22. Qa1 Qb6 23. Qa2 Nb5 24. Ra1 Bxf5 25. Bxf7+ Kf8 26. Bxe8 Kxe8 27. exf5 Nc7 28. Qg8+ Bf8 29. Ng5 1-0


[Site "https://www.chess.com"]

[Event "Titled Tuesday Blitz January 31 Late 2023"]
[White "Kohler, Aran"]
[Black "Desideri, Ricardo Maruchi"]
[WhiteFideId "1002856"]
[BlackFideId "2110440"]
[WhiteElo "2010"]
[BlackElo "1959"]
[Result "0-1"]
[Round "11"]
[TimeControl "180+2"]
[Date "2023.02.01"]
[WhiteClock "0:00:22"]
[BlackClock "0:00:30"]

1. Nf3 c5 2. e4 d6 3. d4 cxd4 4. Nxd4 Nf6 5. Nc3 a6 6. Bg5 Nbd7 7. Be2 e6 8. Qd2 Qc7 9. f4 Be7 10. O-O-O b5 11. Bf3 Bb7 12. Rhe1 b4 13. Nb1 O-O 14. e5 dxe5 15. fxe5 Nd5 16. Bxe7 Nxe7 17. Bxb7 Qxb7 18. Nxe6 Nb6 19. Nxf8 Rxf8 20. Qxb4 Ned5 21. Rxd5 Qxd5 22. Qxb6 Rd8 23. Qf2 Qxa2 24. c3 Qb3 25. Qc2 Qc4 26. Nd2 Qf4 27. g3 Qf2 28. Rd1 Qxh2 29. Nf3 Qh6+ 30. Kb1 Rb8 31. Qd2 Qb6 32. Nd4 h6 33. g4 a5 34. Qc2 Qc5 35. Re1 Qc4 36. e6 fxe6 37. Nxe6 a4 38. Ka1 a3 39. b4 Rxb4 40. Nd4 Rb2 41. Qc1 Qa2# 0-1


[Site "https://www.chess.com"]

[Event "Titled Tuesday Blitz January 31 Late 2023"]
[White "Harish, Neeraj"]
[Black "Figorito, Nick"]
[WhiteFideId "30958130"]
[BlackFideId "30923689"]
[WhiteElo "2232"]
[BlackElo "2036"]
[Result "0-1"]
[Round "11"]
[TimeControl "180+2"]
[Date "2023.02.01"]
[WhiteClock "0:00:05"]
[BlackClock "0:00:11"]

1. e4 e6 2. d4 d5 3. Nc3 Bb4 4. e5 c5 5. a3 Bxc3+ 6. bxc3 Ne7 7. Qg4 Kf8 8. h4 Qa5 9. Bd2 Qa4 10. Qd1 Nbc6 11. Nf3 b6 12. h5 h6 13. Rb1 Ba6 14. Bxa6 Qxa6 15. Rh3 Qxa3 16. g4 Ke8 17. g5 Nf5 18. gxh6 gxh6 19. Nh4 Ncxd4 20. Ra1 Qb2 21. cxd4 Nxd4 22. Bc3 Nxc2+ 23. Kf1 Qb5+ 24. Kg1 Nxa1 25. Bxa1 Kd7 26. Kh2 Rag8 27. Qf3 Ke8 28. Rg3 Qa4 29. Ng6 Qxa1 30. Qf6 fxg6 31. Qxe6+ Kd8 32. Qd6+ Kc8 33. hxg6 Qa4 34. g7 Qh4+ 35. Kg1 Qd8 36. Qe6+ Kb7 37. gxh8=Q Rxh8 38. Rg7+ Ka6 39. Qf7 Qb8 40. e6 Re8 41. e7 d4 42. Qe6 Rxe7 43. Qxe7 Qf4 44. Qxa7+ Kb5 45. Qd7+ Kc4 46. Qe7 Kd3 47. Qf7 Qc1+ 48. Kg2 Qd2 49. Qg6+ Kc3 50. Qxh6 d3 51. Qxd2+ Kxd2 52. Rg6 c4 53. Rxb6 c3 54. Rc6 c2 55. f4 c1=Q 56. f5 Qxc6+ 0-1


[Site "https://www.chess.com"]

[Event "Titled Tuesday Blitz January 31 Late 2023"]
[White "Wilson, Elvin"]
[Black "Vaglio Munoz, Jaime"]
[WhiteFideId "2014874"]
[BlackFideId "6500145"]
[WhiteElo "2183"]
[BlackElo "2174"]
[Result "1-0"]
[Round "11"]
[TimeControl "180+2"]
[Date "2023.02.01"]
[WhiteClock "0:00:14"]
[BlackClock "0:00:44"]

1. c4 g6 2. g3 Bg7 3. Bg2 c5 4. Nc3 Nc6 5. e4 e6 6. Nge2 Nge7 7. d3 d6 8. O-O b6 9. Be3 Nd4 10. Rb1 Bb7 11. b4 Qd7 12. Qd2 O-O 13. f4 Rac8 14. bxc5 dxc5 15. e5 Bxg2 16. Kxg2 Nxe2 17. Qxe2 Rfd8 18. Rfd1 Nf5 19. Ne4 Nd4 20. Bxd4 Qxd4 21. Nd6 Rc6 22. Qf2 Qxf2+ 23. Kxf2 Bf8 24. Ne4 Be7 25. a4 Rc7 26. a5 bxa5 27. Rb5 a6 28. Rxa5 Rb8 29. Rxa6 Rb2+ 30. Rd2 Rcb7 31. Ra2 R2b3 32. Ke3 Kg7 33. h4 R7b4 34. Ke2 Rb1 35. Ra7 Kf8 36. Rc7 Rg1 37. Ra2 Rg2+ 38. Nf2 Rb8 39. Kf3 Rg1 40. Raa7 Re8 41. Ne4 Rd1 42. Ke2 Rg1 43. Nf6 Rb8 44. Rxe7 Rb2+ 45. Kf3 Rf1+ 46. Kg4 h5+ 47. Kg5 Kg7 48. Rxf7+ 1-0


[Site "https://www.chess.com"]

[Event "Titled Tuesday Blitz January 31 Late 2023"]
[White "Vargas, Mauricio"]
[Black "Romero Ruscalleda, Josep"]
[WhiteFideId "4404572"]
[BlackFideId "2231859"]
[WhiteElo "2035"]
[BlackElo "2160"]
[Result "0-1"]
[Round "11"]
[TimeControl "180+2"]
[Date "2023.02.01"]
[WhiteClock "0:01:20"]
[BlackClock "0:01:04"]

1. e4 g6 2. Nc3 Bg7 3. f4 d6 4. Nf3 c5 5. Bb5+ Nc6 6. Bxc6+ bxc6 7. d3 Nf6 8. O-O O-O 9. Qe1 d5 10. e5 Ne8 11. b3 e6 12. Na4 c4 13. d4 Ba6 14. Nc5 Qc8 15. b4 Rb8 16. c3 Nc7 17. Qh4 Qd8 18. Qh3 Bc8 19. Ng5 h6 20. Nf3 a5 21. a3 Nb5 22. Bd2 Ra8 23. g4 Re8 24. f5 exf5 25. gxf5 Bxf5 26. Bxh6 Bxh3 27. Bg5 f6 28. exf6 Bxf6 29. Bxf6 Qxf6 30. Rf2 Re3 31. Ne5 Qg5+ 32. Kh1 axb4 33. Rg1 Qxg1+ 34. Kxg1 Re1+ 35. Rf1 Rxf1# 0-1


[Site "https://www.chess.com"]

[Event "Titled Tuesday Blitz January 31 Late 2023"]
[White "Tarnowska, Aleksandra"]
[Black "Howell, David W L"]
[WhiteFideId "1180967"]
[BlackFideId "410608"]
[WhiteElo "1835"]
[BlackElo "2677"]
[Result "0-1"]
[Round "11"]
[TimeControl "180+2"]
[Date "2023.02.01"]
[WhiteClock "0:00:01"]
[BlackClock "0:01:21"]

1. e4 c5 2. Nf3 a6 3. c4 Nc6 4. d4 cxd4 5. Nxd4 e6 6. Nc3 d6 7. Be2 Nf6 8. O-O Be7 9. Be3 O-O 10. f4 Bd7 11. f5 Rc8 12. b3 Ne5 13. h3 b5 14. fxe6 fxe6 15. Bf4 b4 16. Nb1 Nxe4 17. Bxe5 dxe5 18. Rxf8+ Qxf8 19. Nf3 Bc5+ 20. Kh2 Qf4+ 21. Kh1 Ng3+ 22. Kh2 Nf1+ 23. Kh1 Qh2+ 24. Nxh2 Ng3# 0-1


[Site "https://www.chess.com"]